Harfangs vs Patriotes
Created - 5 décembre 2013 at 23:17
Goals
|
| Harfangs |
4 |
2 |
2 |
8 |
| Patriotes |
1 |
0 |
4 |
5 |
|
Shots
|
| Harfangs |
13 |
8 |
10 |
31 |
| Patriotes |
12 |
8 |
12 |
32 |
|
1st period
1. Harfangs , Sergei Kostitsyn 5 (Alex Killorn, Colton Orr) at 1:55
2. Patriotes , Zenon Konopka 7 (Andrew Gordon, Fedor Fedorov) at 3:21
3. Harfangs , Pavel Vorobiev 11 (Brian Lashoff, Petri Kontiola) at 7:10
4. Harfangs , Pavel Vorobiev 12 (Sasha Pokulok) at 7:44 (PP)
5. Harfangs , Pavel Vorobiev 13 (Boyd Gordon) at 15:34
Penalties :
Cory Emmerton (Nyc) for Hooking (Minor) at 3:29, Petri Kontiola (BEA) for Holding (Minor) at 3:29, Philip Larsen (Nyc) for Tripping (Minor) at 7:11, Luca Caputi (BEA) for Boarding (Minor) at 11:35, Ben Blood (BEA) for Hooking (Minor) at 19:13
2nd period
6. Harfangs , Stefan Ruzicka 11 (Boyd Gordon, Brett Carson) at 1:22
7. Harfangs , Sasha Pokulok 1 (Peter Olvecky, Andrew Orpik) at 7:41 (PP)
Penalties :
Davis Drewiske (Nyc) for Hooking (Minor) at 6:28, Fedor Fedorov (Nyc) for Fighting (Major) at 7:49, Eric Godard (BEA) for Fighting (Major) at 7:49, Eric Godard (BEA) for instigated a fight (Minor) at 7:49, Eric Godard (BEA) for instigated a fight (10 Minutes Misconduct) at 7:49, Philip Larsen (Nyc) for Goalie Interference (Minor) at 11:44, Brett Carson (BEA) for High sticking (Double Minor) at 19:08, Pavel Vorobiev (BEA) for Tripping (Minor) at 19:26
3rd period
8. Harfangs , Stefan Ruzicka 12 (Stephane Da Costa) at 3:20
9. Patriotes , T.J Galiardi 7 (A.J Thelen, Davis Drewiske) at 7:21 (PP)
10. Patriotes , Fedor Fedorov 6 (Zenon Konopka) at 8:31 (PP)
11. Harfangs , Peter Olvecky 7 (Sasha Pokulok, Petri Kontiola) at 9:11
12. Patriotes , Zenon Konopka 8 (Cory Emmerton, Fedor Fedorov) at 12:09
13. Patriotes , T.J Galiardi 8 (Cory Emmerton, Joey MacDonald) at 16:30 (PP)
Penalties :
Davis Drewiske (Nyc) for Roughing (Minor) at 3:50, Stephane Da Costa (BEA) for Tripping (Minor) at 6:44, Andrew Orpik (BEA) for Holding (Minor) at 8:29, Zenon Konopka (Nyc) for Slashing (Minor) at 9:18, Luca Caputi (BEA) for Holding (Minor) at 15:58
Goalie Stats
Marek Schwarz (BEA), 27 saves from 32 shots - (0,844), W, 3-4-0, 60:00 minutes
Joey MacDonald (Nyc), 14 saves from 18 shots - (0,778), 26:23 minutes
Jason Missiaen (Nyc), 9 saves from 13 shots - (0,692), L, 1-6-0, 33:37 minutes
Players Stats for Harfangs
Player Name G A P +/- PIM S H SB GA TA FO MP PP MP PK MP
------------------------------------------------------------------------------------
Alex Killorn 0 1 1 -1 0 0 1 0 0 0 0/3 7:50 0:00 1:25
Alex Plante 0 0 0 1 0 0 0 0 0 0 0/0 4:53 0:00 0:29
Andrew Orpik 0 1 1 0 2 1 1 0 0 1 0/0 20:51 3:07 4:14
Angelo Esposito 0 0 0 0 0 0 0 0 0 0 0/0 0:00 0:00 0:00
Ben Blood 0 0 0 2 2 0 0 0 0 0 0/0 4:33 0:00 0:00
Boyd Gordon 0 2 2 1 0 3 2 0 1 0 14/29 20:47 4:35 2:58
Brett Carson 0 1 1 2 4 2 0 1 0 2 0/0 26:31 4:36 4:42
Brian Lashoff 0 1 1 1 0 0 0 2 0 0 0/0 7:48 0:00 1:42
Colton Orr 0 1 1 -1 0 2 0 0 0 0 1/1 8:31 1:09 0:00
Dustin Jeffrey 0 0 0 1 0 2 0 0 0 0 2/2 8:50 0:00 0:00
Eric Godard 0 0 0 0 17 2 3 1 1 0 8/20 21:14 3:25 6:34
Luca Caputi 0 0 0 -1 4 0 2 0 0 0 0/0 5:52 0:00 0:00
Matt Keith 0 0 0 0 0 0 0 0 0 0 0/0 0:18 0:16 0:00
Michal Repik 0 0 0 0 0 0 0 0 0 0 0/0 0:00 0:00 0:00
Nick Holden 0 0 0 1 0 0 0 1 0 0 0/0 5:55 0:00 0:00
Pavel Vorobiev 3 0 3 3 2 5 0 1 1 0 1/1 22:01 2:52 6:17
Peter Olvecky 1 1 2 3 0 2 2 0 0 1 0/0 15:35 2:52 0:45
Petri Kontiola 0 2 2 3 2 1 1 0 2 1 4/6 15:10 2:52 0:00
Sasha Pokulok 1 2 3 2 0 3 1 2 2 1 0/0 28:47 4:36 6:51
Sergei Kostitsyn 1 0 1 0 0 2 0 0 2 0 1/1 16:38 4:35 0:11
Stefan Ruzicka 2 0 2 2 0 4 1 0 0 0 0/0 11:49 0:00 1:48
Stephane Da Costa 0 1 1 1 2 1 0 0 1 1 5/5 9:59 0:33 0:16
Victor Bartley 0 0 0 0 0 1 2 0 0 0 0/0 20:54 3:07 4:16
Players Stats for Patriotes
Player Name G A P +/- PIM S H SB GA TA FO MP PP MP PK MP
------------------------------------------------------------------------------------
A.J Thelen 0 1 1 -2 0 4 1 3 3 1 0/0 32:16 7:20 4:56
Andrew Gordon 0 1 1 0 0 4 2 0 1 0 3/3 24:00 6:14 4:47
Christian Hanson 0 0 0 -2 0 1 2 0 1 0 0/6 15:24 0:44 1:13
Cory Emmerton 0 2 2 -2 2 3 1 1 0 0 6/13 17:29 4:48 1:07
Davis Drewiske 0 1 1 -1 4 0 2 4 0 2 0/0 29:32 7:20 3:09
Fedor Fedorov 1 2 3 1 5 2 2 0 0 0 0/1 20:24 5:09 2:28
Jared Staal 0 0 0 0 0 0 0 0 0 0 0/0 0:00 0:00 0:00
Joe Charlebois 0 0 0 -2 0 4 0 3 0 2 0/0 24:09 3:47 3:03
Lauri Tukonen 0 0 0 -3 0 0 0 0 0 1 0/0 16:00 4:53 0:00
Liam Reddox 0 0 0 -2 0 1 1 0 0 0 0/0 13:16 0:10 0:18
Martin St. Pierre 0 0 0 0 0 0 4 1 0 0 1/3 5:29 0:26 0:00
Matt Watkins 0 0 0 0 0 0 0 0 0 0 0/0 3:49 0:00 0:00
Nigel Williams 0 0 0 -1 0 0 0 0 0 0 0/0 11:04 0:00 1:42
Philip Larsen 0 0 0 -2 4 3 0 2 1 3 0/0 21:34 3:47 2:36
Ryan White 0 0 0 0 0 0 0 0 0 0 0/0 0:00 0:00 0:00
T.J Galiardi 2 0 2 -3 0 3 2 0 0 0 0/1 15:29 4:48 0:00
Tomas Kubalik 0 0 0 -2 0 1 1 1 0 0 1/3 15:21 0:00 2:08
Zenon Konopka 2 1 3 1 2 6 2 1 1 1 21/38 24:55 6:09 3:25
3 Stars
1 - Pavel Vorobiev (BEA)
2 - Sasha Pokulok (BEA)
3 - Zenon Konopka (Nyc)
Power Play
Harfangs - 2 on 5 Attempt(s) - 40,00%
Patriotes - 3 on 9 Attempt(s) - 33,33%
Penalty Kill
Harfangs - 6 on 9 Attempt(s) - 66,67%
- Score 0 goal in Penalty Kill
Patriotes - 3 on 5 Attempt(s) - 60,00%
- Score 0 goal in Penalty Kill
Official
Referees : Walkom Stephen and Jackson Dave
Linesman : Darren Gibbs and Brad Kovachik
Game Notes
Pavel Vorobiev has scored a Hat Trick!
Jason Missiaen enters game at 15:34 of 1st period
Fedor Fedorov beats up Eric Godard at 7:49 of 2nd period
Joey MacDonald enters game at 9:11 of 3rd period
Finance
Level 1 -- Attendance: 1470 (73,50%) -- Ticket Income 51 450 $
Level 2 -- Attendance: 809 (80,90%) -- Ticket Income 12 135 $
Total Attendance: 2279 (75,97%)
Total Ticket Income: 63 585 $
Other Income: 3 179 $
Total Income: 66 764 $
Harfangs
5 vs 5 Forward
Center Left Wing Right Wing Time % Phy DF OF
1 Boyd Gordon Sergei Kostitsyn Eric Godard 40 1 2 2
2 Petri Kontiola Peter Olvecky Pavel Vorobiev 30 1 2 2
3 Stephane Da Costa Dustin Jeffrey Stefan Ruzicka 20 1 2 2
4 Alex Killorn Luca Caputi Colton Orr 10 1 2 2
5 vs 5 Defense
Defense Defense Time % Phy DF OF
1 Sasha Pokulok Brett Carson 40 1 2 2
2 Andrew Orpik Victor Bartley 30 1 2 2
3 Nick Holden Brian Lashoff 20 1 2 2
4 Alex Plante Ben Blood 10 1 2 2
PowerPlay Forward
Center Left Wing Right Wing Time % Phy DF OF
1 Boyd Gordon Sergei Kostitsyn Eric Godard 60 1 2 2
2 Petri Kontiola Peter Olvecky Pavel Vorobiev 40 1 2 2
PowerPlay Defense
Defense Defense Time % Phy DF OF
1 Sasha Pokulok Brett Carson 60 1 2 2
2 Andrew Orpik Victor Bartley 40 1 2 2
Penalty Kill 4 Players Forward
Center Wing Time % Phy DF OF
1 Eric Godard Pavel Vorobiev 60 1 2 2
2 Boyd Gordon Stefan Ruzicka 40 1 2 2
Penalty Kill 4 Players Defense
Defense Defense Time % Phy DF OF
1 Sasha Pokulok Brett Carson 60 1 2 2
2 Andrew Orpik Victor Bartley 40 1 2 2
Penalty Kill - 3 Players Forward
Forward Time % Phy DF OF
1 Eric Godard 60 1 2 2
2 Pavel Vorobiev 40 1 2 2
Penalty Kill - 3 Players Defense
Defense Defense Time % Phy DF OF
1 Sasha Pokulok Brett Carson 60 1 2 2
2 Andrew Orpik Victor Bartley 40 1 2 2
4 vs 4 Forward
Center Wing Time % Phy DF OF
1 Eric Godard Pavel Vorobiev 60 1 2 2
2 Boyd Gordon Stefan Ruzicka 40 1 2 2
4 vs 4 Defense
Defense Defense Time % Phy DF OF
1 Sasha Pokulok Brett Carson 60 1 2 2
2 Andrew Orpik Victor Bartley 40 1 2 2
Last Minutes Offensive
Center Left Wing Right Wing Defense Defense
Boyd Gordon Sergei Kostitsyn Eric Godard Sasha Pokulok Brett Carson
Last Minutes Defensive
Center Left Wing Right Wing Defense Defense
Boyd Gordon Sergei Kostitsyn Eric Godard Sasha Pokulok Brett Carson
Goaltenders
Starting : Marek Schwarz
Backup : Ray Emery
Extra Forwards
Normal : Colton Orr, Stephane Da Costa, Alex Killorn - PP : Colton Orr, Stephane Da Costa - PK : Alex Killorn
Extra Defensemen
Normal : Nick Holden, Brian Lashoff, Alex Plante - PP : Nick Holden - PK : Brian Lashoff, Alex Plante
Penalty Shots
Eric Godard, Pavel Vorobiev, Boyd Gordon, Stefan Ruzicka, Colton Orr
Patriotes
5 vs 5 Forward
Center Left Wing Right Wing Time % Phy DF OF
1 Zenon Konopka Fedor Fedorov Andrew Gordon 40 1 2 2
2 Cory Emmerton T.J Galiardi Lauri Tukonen 30 1 2 2
3 Christian Hanson Liam Reddox Tomas Kubalik 20 1 2 2
4 Martin St. Pierre Zenon Konopka Matt Watkins 10 1 2 2
5 vs 5 Defense
Defense Defense Time % Phy DF OF
1 A.J Thelen Davis Drewiske 40 1 2 2
2 Joe Charlebois Philip Larsen 30 1 2 2
3 Nigel Williams A.J Thelen 20 1 2 2
4 Davis Drewiske Joe Charlebois 10 1 2 2
PowerPlay Forward
Center Left Wing Right Wing Time % Phy DF OF
1 Zenon Konopka Fedor Fedorov Andrew Gordon 60 1 2 2
2 Cory Emmerton T.J Galiardi Lauri Tukonen 40 1 2 2
PowerPlay Defense
Defense Defense Time % Phy DF OF
1 A.J Thelen Davis Drewiske 60 1 2 2
2 Joe Charlebois Philip Larsen 40 1 2 2
Penalty Kill 4 Players Forward
Center Wing Time % Phy DF OF
1 Zenon Konopka Andrew Gordon 60 1 2 2
2 Cory Emmerton Fedor Fedorov 40 1 2 2
Penalty Kill 4 Players Defense
Defense Defense Time % Phy DF OF
1 A.J Thelen Davis Drewiske 60 1 2 2
2 Joe Charlebois Philip Larsen 40 1 2 2
Penalty Kill - 3 Players Forward
Forward Time % Phy DF OF
1 Zenon Konopka 60 1 2 2
2 Andrew Gordon 40 1 2 2
Penalty Kill - 3 Players Defense
Defense Defense Time % Phy DF OF
1 A.J Thelen Davis Drewiske 60 1 2 2
2 Joe Charlebois Philip Larsen 40 1 2 2
4 vs 4 Forward
Center Wing Time % Phy DF OF
1 Zenon Konopka Andrew Gordon 60 1 2 2
2 Cory Emmerton Fedor Fedorov 40 1 2 2
4 vs 4 Defense
Defense Defense Time % Phy DF OF
1 A.J Thelen Davis Drewiske 60 1 2 2
2 Joe Charlebois Philip Larsen 40 1 2 2
Last Minutes Offensive
Center Left Wing Right Wing Defense Defense
Zenon Konopka Fedor Fedorov Andrew Gordon A.J Thelen Davis Drewiske
Last Minutes Defensive
Center Left Wing Right Wing Defense Defense
Zenon Konopka Fedor Fedorov Andrew Gordon A.J Thelen Davis Drewiske
Goaltenders
Starting : Joey MacDonald
Backup : Jason Missiaen
Extra Forwards
Normal : Christian Hanson, Martin St. Pierre, Tomas Kubalik - PP : Christian Hanson, Martin St. Pierre - PK : Tomas Kubalik
Extra Defensemen
Normal : Nigel Williams, Philip Larsen, A.J Thelen - PP : Nigel Williams - PK : Philip Larsen, A.J Thelen
Penalty Shots
Zenon Konopka, Andrew Gordon, Cory Emmerton, Fedor Fedorov, Christian Hanson
% Time on Ice - Harfangs
Lines # - Real PCT - Wanted PCT - Time Play
Normal Forward
1 - 31% - 40% - 11:58
2 - 32% - 30% - 12:29
3 - 23% - 20% - 8:50
4 - 15% - 10% - 5:54
Normal Defense
1 - 41% - 40% - 15:58
2 - 33% - 30% - 12:54
3 - 15% - 20% - 5:55
4 - 11% - 10% - 4:24
PP Forward
1 - 63% - 60% - 4:51
2 - 37% - 40% - 2:52
PP Defense
1 - 60% - 60% - 4:36
2 - 40% - 40% - 3:07
PK Forward
1 - 80% - 60% - 7:19
2 - 20% - 40% - 1:49
PK Defense
1 - 63% - 60% - 5:46
2 - 37% - 40% - 3:22
PK3 Forward
1 - 98% - 60% - 1:57
2 - 2% - 40% - 0:02
PK3 Defense
1 - 55% - 60% - 1:05
2 - 45% - 40% - 0:54
44 Forward
1 - 58% - 60% - 1:09
2 - 42% - 40% - 0:50
44 Defense
1 - 69% - 60% - 1:22
2 - 31% - 40% - 0:37
Last Minute Offensive - 0:00
Last Minute Defensive - 0:00
Total
Forward - 60:00
Defense - 60:00
|
% Time on Ice - Patriotes
Lines # - Real PCT - Wanted PCT - Time Play
Normal Forward
1 - 28% - 40% - 11:07
2 - 29% - 30% - 11:33
3 - 32% - 20% - 12:42
4 - 10% - 10% - 3:49
Normal Defense
1 - 35% - 40% - 13:49
2 - 40% - 30% - 15:34
3 - 17% - 20% - 6:43
4 - 8% - 10% - 3:05
PP Forward
1 - 57% - 60% - 6:19
2 - 43% - 40% - 4:48
PP Defense
1 - 66% - 60% - 7:20
2 - 34% - 40% - 3:47
PK Forward
1 - 86% - 60% - 6:36
2 - 14% - 40% - 1:07
PK Defense
1 - 54% - 60% - 4:09
2 - 46% - 40% - 3:34
PK3 Forward
1 - 0% - 60%
2 - 0% - 40%
PK3 Defense
1 - 0% - 60%
2 - 0% - 40%
44 Forward
1 - 61% - 60% - 1:13
2 - 39% - 40% - 0:46
44 Defense
1 - 52% - 60% - 1:02
2 - 48% - 40% - 0:57
Last Minute Offensive - 0:00
Last Minute Defensive - 0:00
Total
Forward - 60:00
Defense - 60:00
|
Play by Play
1st period
0:01 of 1st period - Zenon Konopka wins face-off versus Boyd Gordon in neutral zone.
0:26 of 1st period - Brett Carson is hit by Davis Drewiske and loses puck.
0:33 of 1st period - Wrist shot by Christian Hanson.
0:33 of 1st period - Stopped by Marek Schwarz with a rebound.
0:35 of 1st period - Slapshot by A.J Thelen.
0:35 of 1st period - Stopped by Marek Schwarz with a rebound.
0:37 of 1st period - Snap shot by Liam Reddox.
0:37 of 1st period - Stopped by Marek Schwarz without a rebound.
0:38 of 1st period - Petri Kontiola wins face-off versus Cory Emmerton in Harfangs zone.
0:38 of 1st period - Petri Kontiola is hit by Cory Emmerton.
1:04 of 1st period - Victor Bartley is hit by Martin St. Pierre and loses puck.
1:29 of 1st period - Liam Reddox is hit by Luca Caputi.
1:37 of 1st period - Wrist shot by Christian Hanson.
1:37 of 1st period - Shot Blocked by Brian Lashoff.
1:55 of 1st period - Wrist shot by Sergei Kostitsyn.
1:55 of 1st period - Goal by Sergei Kostitsyn - Harfangs : 1 - Patriotes : 0.
1:56 of 1st period - Zenon Konopka wins face-off versus Petri Kontiola in neutral zone.
1:59 of 1st period - Petri Kontiola is hit by Andrew Gordon and loses puck.
2:09 of 1st period - Off-side.
2:10 of 1st period - Boyd Gordon wins face-off versus Zenon Konopka in neutral zone.
2:33 of 1st period - Zenon Konopka is hit by Andrew Orpik and loses puck.
2:40 of 1st period - Davis Drewiske is hit by Eric Godard.
2:54 of 1st period - Eric Godard is hit by Fedor Fedorov and loses puck.
3:01 of 1st period - Wrist shot by Andrew Gordon.
3:01 of 1st period - Shot Misses the Net.
3:19 of 1st period - Snap shot by Zenon Konopka.
3:19 of 1st period - Stopped by Marek Schwarz with a rebound.
3:21 of 1st period - Slapshot by Zenon Konopka.
3:21 of 1st period - Goal by Zenon Konopka - Harfangs : 1 - Patriotes : 1.
3:22 of 1st period - Cory Emmerton wins face-off versus Petri Kontiola in neutral zone.
3:29 of 1st period - Minor Penalty to Cory Emmerton for Hooking.
3:29 of 1st period - Minor Penalty to Petri Kontiola for Holding.
3:30 of 1st period - Eric Godard wins face-off versus Zenon Konopka in neutral zone.
3:39 of 1st period - Wrist shot by Andrew Gordon.
3:39 of 1st period - Shot Misses the Net.
5:03 of 1st period - Brett Carson is hit by Martin St. Pierre and loses puck.
5:14 of 1st period - A.J Thelen is hit by Boyd Gordon and loses puck.
5:23 of 1st period - Sasha Pokulok is hit by Martin St. Pierre and loses puck.
5:29 of 1st period - Penalty to Cory Emmerton is over, Cory Emmerton is back on ice.
5:29 of 1st period - Penalty to Petri Kontiola is over, Petri Kontiola is back on ice.
5:34 of 1st period - Wrist shot by Cory Emmerton.
5:34 of 1st period - Stopped by Marek Schwarz with a rebound.
6:00 of 1st period - Snap shot by Colton Orr.
6:00 of 1st period - Shot Misses the Net.
6:02 of 1st period - Slapshot by Brett Carson.
6:02 of 1st period - Shot Blocked by Tomas Kubalik.
6:04 of 1st period - Slapshot by Sasha Pokulok.
6:04 of 1st period - Stopped by Joey MacDonald with a rebound.
6:28 of 1st period - Slapshot by A.J Thelen.
6:28 of 1st period - Deflect By Martin St. Pierre.
6:28 of 1st period - Shot Misses the Net.
6:28 of 1st period - Puck is out of play.
6:29 of 1st period - Petri Kontiola wins face-off versus Martin St. Pierre in Harfangs zone.
6:34 of 1st period - Snap shot by Pavel Vorobiev.
6:34 of 1st period - Shot Blocked by Joe Charlebois.
6:40 of 1st period - Peter Olvecky is hit by Martin St. Pierre and loses puck.
6:51 of 1st period - Petri Kontiola is hit by Tomas Kubalik and loses puck.
7:10 of 1st period - Slapshot by Pavel Vorobiev.
7:10 of 1st period - Goal by Pavel Vorobiev - Harfangs : 2 - Patriotes : 1.
7:11 of 1st period - Zenon Konopka wins face-off versus Boyd Gordon in neutral zone.
7:11 of 1st period - Minor Penalty to Philip Larsen for Tripping.
7:12 of 1st period - Boyd Gordon wins face-off versus Zenon Konopka in Patriotes zone.
7:37 of 1st period - Andrew Gordon is hit by Peter Olvecky and loses puck.
7:44 of 1st period - Backhand shot by Pavel Vorobiev.
7:44 of 1st period - Goal by Pavel Vorobiev - Harfangs : 3 - Patriotes : 1.
7:45 of 1st period - Boyd Gordon wins face-off versus Cory Emmerton in neutral zone.
8:00 of 1st period - Wrist shot by Eric Godard.
8:00 of 1st period - Shot Hit the Post.
8:10 of 1st period - Sasha Pokulok is hit by Zenon Konopka and loses puck.
8:15 of 1st period - Slapshot by Andrew Gordon.
8:15 of 1st period - Stopped by Marek Schwarz with a rebound.
8:35 of 1st period - Victor Bartley is hit by Liam Reddox and loses puck.
8:42 of 1st period - Wrist shot by Christian Hanson.
8:42 of 1st period - Shot Blocked by Pavel Vorobiev.
9:14 of 1st period - Wrist shot by Sergei Kostitsyn.
9:14 of 1st period - Stopped by Joey MacDonald with a rebound.
9:16 of 1st period - Snap shot by Boyd Gordon.
9:16 of 1st period - Stopped by Joey MacDonald without a rebound.
9:17 of 1st period - Zenon Konopka wins face-off versus Boyd Gordon in Patriotes zone.
9:49 of 1st period - Wrist shot by Stefan Ruzicka.
9:49 of 1st period - Shot Misses the Net.
10:27 of 1st period - Snap shot by Andrew Gordon.
10:27 of 1st period - Deflect By Fedor Fedorov.
10:27 of 1st period - Shot Misses the Net.
10:27 of 1st period - Puck is out of play.
10:28 of 1st period - Boyd Gordon wins face-off versus Zenon Konopka in Harfangs zone.
10:57 of 1st period - Lauri Tukonen is hit by Stefan Ruzicka and loses puck.
11:34 of 1st period - Philip Larsen is hit by Luca Caputi.
11:35 of 1st period - Minor Penalty to Luca Caputi for Boarding.
11:36 of 1st period - Zenon Konopka wins face-off versus Eric Godard in Harfangs zone.
11:39 of 1st period - Slapshot by Andrew Gordon.
11:39 of 1st period - Shot Blocked by Brett Carson.
11:49 of 1st period - Wrist shot by Andrew Gordon.
11:49 of 1st period - Stopped by Marek Schwarz without a rebound.
11:50 of 1st period - Zenon Konopka wins face-off versus Eric Godard in Harfangs zone.
11:51 of 1st period - Wrist shot by Andrew Gordon.
11:51 of 1st period - Stopped by Marek Schwarz without a rebound.
11:52 of 1st period - Eric Godard wins face-off versus Zenon Konopka in Harfangs zone.
12:07 of 1st period - Wrist shot by Andrew Gordon.
12:07 of 1st period - Shot Misses the Net.
12:31 of 1st period - Snap shot by Cory Emmerton.
12:31 of 1st period - Shot Misses the Net.
12:33 of 1st period - Slapshot by Joe Charlebois.
12:33 of 1st period - Stopped by Marek Schwarz with a rebound.
12:52 of 1st period - Icing by Lauri Tukonen.
12:53 of 1st period - Eric Godard wins face-off versus Cory Emmerton in Patriotes zone.
13:30 of 1st period - A.J Thelen is hit by Eric Godard and loses puck.
13:35 of 1st period - Penalty to Luca Caputi is over, Luca Caputi is back on ice.
13:50 of 1st period - Off-side.
13:51 of 1st period - Dustin Jeffrey wins face-off versus Cory Emmerton in neutral zone.
14:06 of 1st period - Snap shot by Cory Emmerton.
14:06 of 1st period - Shot Misses the Net.
14:23 of 1st period - Slapshot by Colton Orr.
14:23 of 1st period - Stopped by Joey MacDonald with a rebound.
14:25 of 1st period - Snap shot by Victor Bartley.
14:25 of 1st period - Shot Misses the Net.
14:27 of 1st period - Slapshot by Andrew Orpik.
14:27 of 1st period - Deflect By Davis Drewiske.
14:27 of 1st period - Stopped by Joey MacDonald without a rebound.
14:28 of 1st period - Boyd Gordon wins face-off versus Zenon Konopka in Patriotes zone.
14:53 of 1st period - Philip Larsen is hit by Petri Kontiola and loses puck.
15:04 of 1st period - Snap shot by Petri Kontiola.
15:04 of 1st period - Stopped by Joey MacDonald without a rebound.
15:05 of 1st period - Dustin Jeffrey wins face-off versus Zenon Konopka in Patriotes zone.
15:06 of 1st period - Wrist shot by Stefan Ruzicka.
15:06 of 1st period - Deflect By Dustin Jeffrey.
15:06 of 1st period - Stopped by Joey MacDonald without a rebound.
15:07 of 1st period - Stephane Da Costa wins face-off versus Zenon Konopka in Patriotes zone.
15:08 of 1st period - Wrist shot by Stefan Ruzicka.
15:08 of 1st period - Shot Blocked by Davis Drewiske.
15:34 of 1st period - Snap shot by Pavel Vorobiev.
15:34 of 1st period - Goal by Pavel Vorobiev - Harfangs : 4 - Patriotes : 1.
15:34 of 1st period - Jason Missiaen enters game.
15:35 of 1st period - Zenon Konopka wins face-off versus Boyd Gordon in neutral zone.
15:50 of 1st period - Icing by Boyd Gordon.
15:51 of 1st period - Sergei Kostitsyn wins face-off versus Cory Emmerton in Harfangs zone.
17:14 of 1st period - Wrist shot by Dustin Jeffrey.
17:14 of 1st period - Stopped by Jason Missiaen with a rebound.
17:24 of 1st period - Snap shot by Cory Emmerton.
17:24 of 1st period - Shot Misses the Net.
17:30 of 1st period - Philip Larsen is hit by Alex Killorn and loses puck.
18:55 of 1st period - Icing by Stefan Ruzicka.
18:56 of 1st period - Stephane Da Costa wins face-off versus Martin St. Pierre in Harfangs zone.
19:05 of 1st period - Wrist shot by Sergei Kostitsyn.
19:05 of 1st period - Deflect By Eric Godard.
19:05 of 1st period - Stopped by Jason Missiaen with a rebound.
19:11 of 1st period - Boyd Gordon is hit by Andrew Gordon and loses puck.
19:13 of 1st period - Minor Penalty to Ben Blood for Hooking.
19:14 of 1st period - Zenon Konopka wins face-off versus Eric Godard in Harfangs zone.
19:23 of 1st period - Snap shot by Zenon Konopka.
19:23 of 1st period - Stopped by Marek Schwarz with a rebound.
19:25 of 1st period - Slapshot by A.J Thelen.
19:25 of 1st period - Stopped by Marek Schwarz without a rebound.
19:26 of 1st period - Eric Godard wins face-off versus Zenon Konopka in Harfangs zone.
19:35 of 1st period - Slapshot by Fedor Fedorov.
19:35 of 1st period - Shot Blocked by Sasha Pokulok.
19:37 of 1st period - Slapshot by Davis Drewiske.
19:37 of 1st period - Shot Blocked by Eric Godard.
2nd period
0:01 of 2nd period - Eric Godard wins face-off versus Zenon Konopka in neutral zone.
0:03 of 2nd period - Off-side.
0:04 of 2nd period - Zenon Konopka wins face-off versus Eric Godard in neutral zone.
0:07 of 2nd period - Slapshot by Davis Drewiske.
0:07 of 2nd period - Shot Blocked by Sasha Pokulok.
0:09 of 2nd period - Snap shot by Andrew Gordon.
0:09 of 2nd period - Stopped by Marek Schwarz without a rebound.
0:10 of 2nd period - Zenon Konopka wins face-off versus Eric Godard in Harfangs zone.
1:10 of 2nd period - Wrist shot by Cory Emmerton.
1:10 of 2nd period - Stopped by Marek Schwarz without a rebound.
1:11 of 2nd period - Cory Emmerton wins face-off versus Boyd Gordon in Harfangs zone.
1:13 of 2nd period - Penalty to Ben Blood is over, Ben Blood is back on ice.
1:14 of 2nd period - Slapshot by Cory Emmerton.
1:14 of 2nd period - Shot Misses the Net.
1:22 of 2nd period - Snap shot by Stefan Ruzicka.
1:22 of 2nd period - Goal by Stefan Ruzicka - Harfangs : 5 - Patriotes : 1.
1:23 of 2nd period - Zenon Konopka wins face-off versus Boyd Gordon in neutral zone.
1:39 of 2nd period - Snap shot by Sergei Kostitsyn.
1:39 of 2nd period - Shot Misses the Net.
1:58 of 2nd period - Wrist shot by Andrew Gordon.
1:58 of 2nd period - Shot Misses the Net.
2:46 of 2nd period - Christian Hanson is hit by Victor Bartley and loses puck.
2:59 of 2nd period - Snap shot by T.J Galiardi.
2:59 of 2nd period - Deflect By Cory Emmerton.
2:59 of 2nd period - Stopped by Marek Schwarz with a rebound.
3:01 of 2nd period - Snap shot by A.J Thelen.
3:01 of 2nd period - Stopped by Marek Schwarz with a rebound.
3:38 of 2nd period - Off-side.
3:39 of 2nd period - Martin St. Pierre wins face-off versus Boyd Gordon in neutral zone.
4:00 of 2nd period - Snap shot by Boyd Gordon.
4:00 of 2nd period - Stopped by Jason Missiaen with a rebound.
4:02 of 2nd period - Wrist shot by Eric Godard.
4:02 of 2nd period - Shot Misses the Net.
4:45 of 2nd period - Snap shot by Zenon Konopka.
4:45 of 2nd period - Stopped by Marek Schwarz without a rebound.
4:46 of 2nd period - Stephane Da Costa wins face-off versus Zenon Konopka in Harfangs zone.
4:46 of 2nd period - Stephane Da Costa is hit by Fedor Fedorov.
5:14 of 2nd period - Wrist shot by Peter Olvecky.
5:14 of 2nd period - Shot Misses the Net.
5:38 of 2nd period - Colton Orr is hit by Christian Hanson.
5:57 of 2nd period - Snap shot by Eric Godard.
5:57 of 2nd period - Shot Blocked by Zenon Konopka.
6:01 of 2nd period - Wrist shot by Eric Godard.
6:01 of 2nd period - Shot Blocked by Davis Drewiske.
6:03 of 2nd period - Wrist shot by Sasha Pokulok.
6:03 of 2nd period - Stopped by Jason Missiaen with a rebound.
6:05 of 2nd period - Snap shot by Sasha Pokulok.
6:05 of 2nd period - Deflect By Eric Godard.
6:05 of 2nd period - Stopped by Jason Missiaen with a rebound.
6:23 of 2nd period - Wrist shot by Cory Emmerton.
6:23 of 2nd period - Shot Misses the Net.
6:28 of 2nd period - Minor Penalty to Davis Drewiske for Hooking.
6:29 of 2nd period - Zenon Konopka wins face-off versus Eric Godard in Patriotes zone.
6:35 of 2nd period - Icing by Sergei Kostitsyn.
6:36 of 2nd period - Zenon Konopka wins face-off versus Boyd Gordon in Harfangs zone.
7:08 of 2nd period - Off-side.
7:09 of 2nd period - Boyd Gordon wins face-off versus Cory Emmerton in neutral zone.
7:41 of 2nd period - Slapshot by Sasha Pokulok.
7:41 of 2nd period - Goal by Sasha Pokulok - Harfangs : 6 - Patriotes : 1.
7:42 of 2nd period - Zenon Konopka wins face-off versus Boyd Gordon in neutral zone.
7:49 of 2nd period - Fedor Fedorov beats up Eric Godard.
7:49 of 2nd period - Penalty to Fedor Fedorov for Fighting.
7:49 of 2nd period - Penalty to Eric Godard for Fighting.
7:49 of 2nd period - Penalty to Eric Godard for instigated a fight.
7:49 of 2nd period - Penalty to Eric Godard for instigated a fight.
7:50 of 2nd period - Andrew Gordon wins face-off versus Alex Killorn in Harfangs zone.
9:27 of 2nd period - A.J Thelen is hit by Boyd Gordon and loses puck.
9:49 of 2nd period - Penalty to Eric Godard is over, Colton Orr is send on ice.
10:14 of 2nd period - Snap shot by Colton Orr.
10:14 of 2nd period - Shot Blocked by A.J Thelen.
10:16 of 2nd period - Snap shot by Colton Orr.
10:16 of 2nd period - Deflect By Luca Caputi.
10:16 of 2nd period - Shot Misses the Net.
10:16 of 2nd period - Puck is out of play.
10:17 of 2nd period - Cory Emmerton wins face-off versus Alex Killorn in Patriotes zone.
10:28 of 2nd period - Snap shot by Colton Orr.
10:28 of 2nd period - Deflect By Christian Hanson.
10:28 of 2nd period - Shot Misses the Net.
10:28 of 2nd period - Puck is out of play.
10:29 of 2nd period - Boyd Gordon wins face-off versus Christian Hanson in Patriotes zone.
10:30 of 2nd period - Snap shot by Colton Orr.
10:30 of 2nd period - Stopped by Jason Missiaen without a rebound.
10:31 of 2nd period - Boyd Gordon wins face-off versus Christian Hanson in Patriotes zone.
10:42 of 2nd period - Slapshot by A.J Thelen.
10:42 of 2nd period - Shot Misses the Net.
10:58 of 2nd period - Backhand shot by Stefan Ruzicka.
10:58 of 2nd period - Stopped by Jason Missiaen with a rebound.
11:00 of 2nd period - Slapshot by Andrew Orpik.
11:00 of 2nd period - Shot Misses the Net.
11:23 of 2nd period - Snap shot by Peter Olvecky.
11:23 of 2nd period - Shot Blocked by Martin St. Pierre.
11:41 of 2nd period - Snap shot by Boyd Gordon.
11:41 of 2nd period - Shot Blocked by Philip Larsen.
11:43 of 2nd period - Slapshot by Andrew Orpik.
11:43 of 2nd period - Shot Misses the Net.
11:44 of 2nd period - Minor Penalty to Philip Larsen for Goalie Interference.
11:45 of 2nd period - Colton Orr wins face-off versus Zenon Konopka in Patriotes zone.
12:34 of 2nd period - Wrist shot by Sergei Kostitsyn.
12:34 of 2nd period - Shot Blocked by A.J Thelen.
12:49 of 2nd period - Penalty to Fedor Fedorov is over, Fedor Fedorov is back on ice.
13:24 of 2nd period - Fedor Fedorov is hit by Victor Bartley and loses puck.
13:44 of 2nd period - Penalty to Philip Larsen is over, Philip Larsen is back on ice.
14:10 of 2nd period - Wrist shot by Zenon Konopka.
14:10 of 2nd period - Shot Blocked by Nick Holden.
14:42 of 2nd period - Slapshot by Davis Drewiske.
14:42 of 2nd period - Shot Misses the Net.
15:48 of 2nd period - Icing by Lauri Tukonen.
15:49 of 2nd period - Cory Emmerton wins face-off versus Alex Killorn in Patriotes zone.
15:58 of 2nd period - Slapshot by Philip Larsen.
15:58 of 2nd period - Stopped by Marek Schwarz without a rebound.
15:59 of 2nd period - Boyd Gordon wins face-off versus Christian Hanson in Harfangs zone.
16:10 of 2nd period - Sasha Pokulok is hit by Christian Hanson and loses puck.
16:57 of 2nd period - Wrist shot by Peter Olvecky.
16:57 of 2nd period - Shot Blocked by Joe Charlebois.
17:27 of 2nd period - Snap shot by Martin St. Pierre.
17:27 of 2nd period - Shot Blocked by Brian Lashoff.
17:29 of 2nd period - Slapshot by Joe Charlebois.
17:29 of 2nd period - Stopped by Marek Schwarz with a rebound.
17:49 of 2nd period - 10 Minutes Game Misconduct Penalty to Eric Godard is over.
17:49 of 2nd period - Slapshot by A.J Thelen.
17:49 of 2nd period - Deflect By Zenon Konopka.
17:49 of 2nd period - Stopped by Marek Schwarz with a rebound.
18:28 of 2nd period - Snap shot by Peter Olvecky.
18:28 of 2nd period - Stopped by Jason Missiaen with a rebound.
18:40 of 2nd period - Luca Caputi is hit by T.J Galiardi and loses puck.
19:08 of 2nd period - Double Minor Penalty to Brett Carson for High sticking.
19:09 of 2nd period - Eric Godard wins face-off versus Cory Emmerton in Harfangs zone.
19:26 of 2nd period - Minor Penalty to Pavel Vorobiev for Tripping.
19:27 of 2nd period - Zenon Konopka wins face-off versus Eric Godard in Harfangs zone.
3rd period
0:01 of 3rd period - Eric Godard wins face-off versus Zenon Konopka in neutral zone.
0:32 of 3rd period - Joe Charlebois is hit by Eric Godard.
0:33 of 3rd period - Icing by Joe Charlebois.
0:34 of 3rd period - Cory Emmerton wins face-off versus Eric Godard in Patriotes zone.
0:39 of 3rd period - Slapshot by Joe Charlebois.
0:39 of 3rd period - Stopped by Marek Schwarz with a rebound.
0:41 of 3rd period - Slapshot by Joe Charlebois.
0:41 of 3rd period - Stopped by Marek Schwarz with a rebound.
0:43 of 3rd period - Slapshot by Philip Larsen.
0:43 of 3rd period - Stopped by Marek Schwarz without a rebound.
0:44 of 3rd period - Andrew Gordon wins face-off versus Eric Godard in Harfangs zone.
1:09 of 3rd period - Victor Bartley is hit by T.J Galiardi.
1:17 of 3rd period - Snap shot by Eric Godard.
1:17 of 3rd period - Shot Blocked by Davis Drewiske.
1:26 of 3rd period - Penalty to Pavel Vorobiev is over, Pavel Vorobiev is back on ice.
1:52 of 3rd period - Slapshot by Stefan Ruzicka.
1:52 of 3rd period - Shot Misses the Net.
1:54 of 3rd period - Snap shot by Stefan Ruzicka.
1:54 of 3rd period - Shot Misses the Net.
2:26 of 3rd period - Icing by A.J Thelen.
2:27 of 3rd period - Boyd Gordon wins face-off versus Zenon Konopka in Patriotes zone.
3:08 of 3rd period - Penalty to Brett Carson is over, Brett Carson is back on ice.
3:18 of 3rd period - Snap shot by Stephane Da Costa.
3:18 of 3rd period - Stopped by Jason Missiaen without a rebound.
3:19 of 3rd period - Stephane Da Costa wins face-off versus Christian Hanson in Patriotes zone.
3:20 of 3rd period - Snap shot by Stefan Ruzicka.
3:20 of 3rd period - Goal by Stefan Ruzicka - Harfangs : 7 - Patriotes : 1.
3:21 of 3rd period - Boyd Gordon wins face-off versus Zenon Konopka in neutral zone.
3:38 of 3rd period - Eric Godard is hit by Zenon Konopka.
3:50 of 3rd period - Minor Penalty to Davis Drewiske for Roughing.
3:51 of 3rd period - Zenon Konopka wins face-off versus Boyd Gordon in Patriotes zone.
4:32 of 3rd period - Snap shot by Cory Emmerton.
4:32 of 3rd period - Shot Misses the Net.
5:50 of 3rd period - Penalty to Davis Drewiske is over, Davis Drewiske is back on ice.
6:05 of 3rd period - Nick Holden is hit by Davis Drewiske and loses puck.
6:44 of 3rd period - Minor Penalty to Stephane Da Costa for Tripping.
6:45 of 3rd period - Eric Godard wins face-off versus T.J Galiardi in Harfangs zone.
7:05 of 3rd period - Icing by A.J Thelen.
7:06 of 3rd period - Cory Emmerton wins face-off versus Eric Godard in Patriotes zone.
7:17 of 3rd period - Slapshot by A.J Thelen.
7:17 of 3rd period - Stopped by Marek Schwarz with a rebound.
7:19 of 3rd period - Snap shot by T.J Galiardi.
7:19 of 3rd period - Stopped by Marek Schwarz with a rebound.
7:21 of 3rd period - Wrist shot by T.J Galiardi.
7:21 of 3rd period - Goal by T.J Galiardi - Harfangs : 7 - Patriotes : 2.
7:22 of 3rd period - Zenon Konopka wins face-off versus Boyd Gordon in neutral zone.
7:55 of 3rd period - Cory Emmerton is hit by Peter Olvecky and loses puck.
8:16 of 3rd period - Wrist shot by Stefan Ruzicka.
8:16 of 3rd period - Shot Blocked by Joe Charlebois.
8:29 of 3rd period - Minor Penalty to Andrew Orpik for Holding.
8:30 of 3rd period - Zenon Konopka wins face-off versus Eric Godard in Harfangs zone.
8:31 of 3rd period - Snap shot by Fedor Fedorov.
8:31 of 3rd period - Goal by Fedor Fedorov - Harfangs : 7 - Patriotes : 3.
8:32 of 3rd period - Zenon Konopka wins face-off versus Boyd Gordon in neutral zone.
8:45 of 3rd period - Snap shot by Boyd Gordon.
8:45 of 3rd period - Shot Blocked by A.J Thelen.
9:05 of 3rd period - Slapshot by Sasha Pokulok.
9:05 of 3rd period - Shot Blocked by Davis Drewiske.
9:07 of 3rd period - Snap shot by Peter Olvecky.
9:07 of 3rd period - Shot Blocked by Cory Emmerton.
9:09 of 3rd period - Wrist shot by Peter Olvecky.
9:09 of 3rd period - Shot Misses the Net.
9:11 of 3rd period - Slapshot by Peter Olvecky.
9:11 of 3rd period - Goal by Peter Olvecky - Harfangs : 8 - Patriotes : 3.
9:11 of 3rd period - Joey MacDonald enters game.
9:12 of 3rd period - Andrew Gordon wins face-off versus Boyd Gordon in neutral zone.
9:15 of 3rd period - Slapshot by Andrew Gordon.
9:15 of 3rd period - Deflect By Zenon Konopka.
9:15 of 3rd period - Shot Misses the Net.
9:15 of 3rd period - Puck is out of play.
9:16 of 3rd period - Zenon Konopka wins face-off versus Boyd Gordon in Harfangs zone.
9:18 of 3rd period - Minor Penalty to Zenon Konopka for Slashing.
9:19 of 3rd period - Tomas Kubalik wins face-off versus Boyd Gordon in Patriotes zone.
9:34 of 3rd period - Snap shot by Boyd Gordon.
9:34 of 3rd period - Stopped by Joey MacDonald with a rebound.
9:44 of 3rd period - Davis Drewiske is hit by Sasha Pokulok and loses puck.
10:02 of 3rd period - Slapshot by Brett Carson.
10:02 of 3rd period - Stopped by Joey MacDonald with a rebound.
10:18 of 3rd period - Icing by Sasha Pokulok.
10:19 of 3rd period - Boyd Gordon wins face-off versus Fedor Fedorov in Harfangs zone.
10:28 of 3rd period - Slapshot by Brett Carson.
10:28 of 3rd period - Shot Blocked by Philip Larsen.
10:30 of 3rd period - Slapshot by Brett Carson.
10:30 of 3rd period - Stopped by Joey MacDonald without a rebound.
10:31 of 3rd period - Petri Kontiola wins face-off versus Tomas Kubalik in Patriotes zone.
10:44 of 3rd period - Wrist shot by Pavel Vorobiev.
10:44 of 3rd period - Stopped by Joey MacDonald without a rebound.
10:45 of 3rd period - Petri Kontiola wins face-off versus Tomas Kubalik in Patriotes zone.
10:58 of 3rd period - Wrist shot by Peter Olvecky.
10:58 of 3rd period - Shot Misses the Net.
11:00 of 3rd period - Snap shot by Victor Bartley.
11:00 of 3rd period - Stopped by Joey MacDonald with a rebound.
11:18 of 3rd period - Penalty to Zenon Konopka is over, Zenon Konopka is back on ice.
11:24 of 3rd period - Snap shot by Fedor Fedorov.
11:24 of 3rd period - Stopped by Marek Schwarz with a rebound.
12:09 of 3rd period - Slapshot by Zenon Konopka.
12:09 of 3rd period - Goal by Zenon Konopka - Harfangs : 8 - Patriotes : 4.
12:10 of 3rd period - Boyd Gordon wins face-off versus Christian Hanson in neutral zone.
12:17 of 3rd period - Snap shot by Tomas Kubalik.
12:17 of 3rd period - Shot Hit the Post.
12:19 of 3rd period - Slapshot by Philip Larsen.
12:19 of 3rd period - Stopped by Marek Schwarz with a rebound.
13:16 of 3rd period - Icing by Dustin Jeffrey.
13:17 of 3rd period - Stephane Da Costa wins face-off versus Zenon Konopka in Harfangs zone.
14:51 of 3rd period - Backhand shot by Stefan Ruzicka.
14:51 of 3rd period - Stopped by Joey MacDonald without a rebound.
14:52 of 3rd period - Pavel Vorobiev wins face-off versus Christian Hanson in Patriotes zone.
15:01 of 3rd period - Snap shot by Peter Olvecky.
15:01 of 3rd period - Shot Misses the Net.
15:07 of 3rd period - Wrist shot by Tomas Kubalik.
15:07 of 3rd period - Shot Misses the Net.
15:58 of 3rd period - Minor Penalty to Luca Caputi for Holding.
15:59 of 3rd period - Zenon Konopka wins face-off versus Eric Godard in Harfangs zone.
16:30 of 3rd period - Wrist shot by T.J Galiardi.
16:30 of 3rd period - Goal by T.J Galiardi - Harfangs : 8 - Patriotes : 5.
16:31 of 3rd period - Boyd Gordon wins face-off versus Zenon Konopka in neutral zone.
16:58 of 3rd period - Sasha Pokulok is hit by A.J Thelen.
17:09 of 3rd period - Slapshot by Cory Emmerton.
17:09 of 3rd period - Shot Misses the Net.
17:36 of 3rd period - Slapshot by Pavel Vorobiev.
17:36 of 3rd period - Shot Misses the Net.
17:56 of 3rd period - Slapshot by Philip Larsen.
17:56 of 3rd period - Shot Misses the Net.
18:04 of 3rd period - Snap shot by Pavel Vorobiev.
18:04 of 3rd period - Stopped by Joey MacDonald with a rebound.
18:42 of 3rd period - Wrist shot by Tomas Kubalik.
18:42 of 3rd period - Stopped by Marek Schwarz with a rebound.
19:26 of 3rd period - Wrist shot by Liam Reddox.
19:26 of 3rd period - Shot Misses the Net.
Output by the SimonT Hockey Simulator (STHS) for François Prévost -- Original Page W3C XHTML 1.0 Valid